 Dungeon Crawl Stone Soup version 0.29.1-15-g9cfb28693d (webtiles) character file.

Game seed: 5371484598802185038

1703821 SuperSeabass the Champion of Chaos (level 27, 261/261 HPs)
             Began as a Hill Orc Fighter on Mar 25, 2023.
             Was the Champion of Makhleb.
             Escaped with the Orb
             ... and 3 runes on Mar 26, 2023!
             The game lasted 05:26:39 (66955 turns).

SuperSeabass the Champion of Chaos (HOFi)          Turns: 66955, Time: 05:26:39

Health: 261/261    AC: 38    Str: 31    XL:     27
Magic:  13/13      EV: 17    Int:  5    God:    Makhleb [******]
Gold:   7624       SH: 29    Dex: 20    Spells: 26/26 levels left

rFire   + + +      SeeInvis +   b - +4 broad axe (antimagic)
rCold   + . .      Faith    .   c - +0 tower shield {rF+}
rNeg    + . .      Spirit   .   u - +7 plate armour {rF+}
rPois   +          Reflect  +   j - +2 hat {Will+}
rElec   +          Harm     .   R - +2 cloak {rCorr}
rCorr   +          Rampage  .   l - +0 pair of gloves of Susaeb {-Cast rPois rF+ Regen+}
Will    ++++.      NoCast   +   E - +2 pair of boots {Fly}
Stlth   ..........              y - amulet of the Death Scarab {Reflect +Inv rElec Int-3 Dex+8 SH+5}
HPRegen 1.33/turn               V - ring "Ireadieg" {rC+ rN+ SInv}
MPRegen 0.13/turn               W - ring of willpower {=R}

@: flying, studying 3 skills
A: subdued magic 1, sturdy frame 1
0: Orb of Zot
}: 3/15 runes: serpentine, barnacled, slimy
a: Renounce Religion, Evoke Invisibility, Minor Destruction, Lesser Servant of
Makhleb, Major Destruction, Greater Servant of Makhleb


You escaped.
You worshipped Makhleb.
Makhleb was exalted by your worship.
You visited 12 branches of the dungeon, and saw 55 of its levels.
You also visited: Trove, Ossuary, Gauntlet and Ice Cave.

You collected 10930 gold pieces.
You spent 3306 gold pieces at shops.

Inventory:

Hand Weapons
 a - a +9 broad axe of flaming
 b - a +4 antimagic broad axe (weapon)
Missiles
 B - 23 boomerangs (quivered)
 H - 2 silver boomerangs
 J - 21 javelins
 K - 4 throwing nets
 U - 10 curare-tipped darts
 Z - 6 silver javelins
Armour
 c - a +0 tower shield of fire resistance (worn)
 j - a +2 hat of willpower (worn)
 l - the +0 pair of gloves of Susaeb (worn) {-Cast rPois rF+ Regen+}
   (You found it on level 12 of the Dungeon)

   rF:        It protects you from fire.
   rPois:     It protects you from poison.
   -Cast:     It prevents spellcasting.
   Regen:     It increases your rate of health regeneration.
 u - a +7 plate armour of fire resistance (worn)
 E - a +2 pair of boots of flying (worn)
 R - a +2 cloak of preservation (worn)
Jewellery
 w - the ring of Spite {rN+ Int+3}
   (You found it on level 3 of the Crypt)

   [ring of positive energy]

   Int:       It affects your intelligence (+3).
   rN:        It protects you from negative energy.
 y - the amulet of the Death Scarab (around neck) {Reflect +Inv rElec Int-3 Dex+8 SH+5}
   (You found it in a treasure trove)

   [amulet of reflection]

   It reflects blocked missile attacks.
   Int:       It affects your intelligence (-3).
   Dex:       It affects your dexterity (+8).
   rElec:     It insulates you from electricity.
   +Inv:      It lets you turn invisible.
   SH:        It affects your SH (+5).
 V - the ring "Ireadieg" (left hand) {rC+ rN+ SInv}
   (You took it off a deep elf annihilator on level 3 of the Elven Halls)

   [ring of protection from cold]

   rC:        It protects you from cold.
   rN:        It protects you from negative energy.
   SInv:      It lets you see invisible.
 W - a ring of willpower (right hand) {=R}
Wands
 d - a wand of digging (29)
 i - a wand of iceblast (21)
 m - a wand of mindburst (21)
 p - a wand of polymorph (25)
 r - a wand of acid (16)
 z - a wand of paralysis (24)
Scrolls
 f - 5 scrolls of vulnerability
 o - 7 scrolls of poison
 s - 4 scrolls of summoning
 v - 6 scrolls of blinking
 x - 2 scrolls of silence
 N - 3 scrolls of fog
 O - 9 scrolls of fear
 Q - 17 scrolls of teleportation
 X - 2 scrolls of magic mapping
Potions
 h - 5 potions of haste
 k - 15 potions of mutation
 n - 5 potions of cancellation
 q - 5 potions of heal wounds
 t - 2 potions of might
 A - 9 potions of resistance
 C - 5 potions of lignification
 F - 12 potions of brilliance
 G - 22 potions of curing
 L - 13 potions of magic
 P - a potion of berserk rage
 S - 13 potions of attraction
 T - 7 potions of invisibility
Miscellaneous
 e - a lightning rod (4/4)
 g - a phantom mirror
 D - a phial of floods
 I - a tin of tremorstones (2/2)
 M - a box of beasts
 Y - a condenser vane


   Skills:
 + Level 24.0 Fighting
 - Level 18.0 Axes
 - Level 16.0 Throwing
 + Level 21.3 Armour
 + Level 13.2 Dodging
 + Level 22.5 Shields
 + Level 25.2 Invocations
 - Level 16.0 Evocations


You had 26 spell levels left.
You didn't know any spells.
Your spell library contained the following spells:

 Spells                   Type           Power      Damage    Failure   Level
 Beastly Appendage        Tmut           0%         N/A       92%         1
 Magic Dart               Conj           0%         1d3       92%         1
 Shock                    Conj/Air       0%         1d3       92%         1
 Ensorcelled Hibernation  Hex/Ice        0%         N/A       98%         2
 Searing Ray              Conj           0%         2d4       98%         2
 Static Discharge         Conj/Air       0%         3-3/arc   98%         2
 Sublimation of Blood     Necr           0%         N/A       98%         2
 Wereblood                Tmut           0%         N/A       98%         2
 Confusing Touch          Hex            0%         N/A       100%        3
 Conjure Flame            Conj/Fire      0%         6-21      100%        3
 Frozen Ramparts          Ice            0%         1d1       100%        3
 Gell's Gravitas          Tloc           0%         N/A       100%        3
 Ignite Poison            Fire/Tmut/Pois 0%         N/A       100%        3
 Inner Flame              Hex/Fire       0%         N/A       100%        3
 Mephitic Cloud           Conj/Pois/Air  0%         N/A       100%        3
 Ozocubu's Armour         Ice            0%         N/A       100%        3
 Spider Form              Tmut/Pois      0%         N/A       100%        3
 Swiftness                Air            0%         N/A       100%        3
 Teleport Other           Tloc           0%         N/A       100%        3
 Airstrike                Air            0%         2d(0-16)  100%        4
 Anguish                  Hex/Necr       0%         N/A       100%        4
 Animate Dead             Necr           0%         N/A       100%        4
 Cause Fear               Hex            0%         N/A       100%        4
 Dispel Undead            Necr           0%         3d6       100%        4
 Fulminant Prism          Conj/Hex       0%         3d6       100%        4
 Ice Form                 Ice/Tmut       0%         N/A       100%        4
 Iskenderun's Mystic Bla  Conj/Tloc      0%         2d3       100%        4
 Sticky Flame             Conj/Fire      0%         2d3       100%        4
 Summon Ice Beast         Ice/Summ       0%         N/A       100%        4
 Summon Lightning Spire   Summ/Air       0%         N/A       100%        4
 Agony                    Necr           0%         N/A       100%        5
 Alistair's Intoxication  Tmut/Pois      0%         N/A       100%        5
 Blade Hands              Tmut           0%         N/A       100%        5
 Borgnjor's Vile Clutch   Necr/Erth      0%         N/A       100%        5
 Fireball                 Conj/Fire      0%         3d3       100%        5
 Freezing Cloud           Conj/Ice/Air   0%         6-21      100%        5
 Irradiate                Conj/Tmut      0%         3d11      100%        5
 Lee's Rapid Deconstruct  Erth           0%         3d5*      100%        5
 Lightning Bolt           Conj/Air       0%         1d11      100%        5
 Summon Forest            Summ/Tloc      0%         N/A       100%        5
 Summon Mana Viper        Hex/Summ       0%         N/A       100%        5
 Yara's Violent Unravell  Hex/Tmut       0%         3d3       100%        5
 Conjure Ball Lightning   Conj/Air       0%         3x3d6     100%        6
 Death Channel            Necr           0%         N/A       100%        6
 Dispersal                Tloc           0%         N/A       100%        6
 Eringya's Noxious Bog    Tmut/Pois      0%         N/A       100%        6
 Iron Shot                Conj/Erth      0%         9d1       100%        6
 Starburst                Conj/Fire      0%         6d3       100%        6
 Summon Cactus Giant      Summ           0%         N/A       100%        6
 Dragon Form              Tmut           0%         N/A       100%        7
 Enfeeble                 Hex            0%         N/A       100%        7
 Ozocubu's Refrigeration  Ice            0%         4d7       100%        7
 Storm Form               Tmut/Air       0%         N/A       100%        7
 Summon Hydra             Summ           0%         N/A       100%        7
 Borgnjor's Revivificati  Necr           0%         N/A       100%        8
 Discord                  Hex            0%         N/A       100%        8
 Disjunction              Tloc           0%         N/A       100%        8
 Maxwell's Capacitive Co  Air            0%         ∞         100%        8
 Necromutation            Tmut/Necr      0%         N/A       100%        8
 Death's Door             Necr           0%         N/A       100%        9
 Polar Vortex             Ice            0%         N/A       100%        9


Dungeon Overview and Level Annotations

Branches:
Dungeon (15/15)            Temple (1/1) D:4            Lair (5/5) D:10
 Shoals (4/4) Lair:3        Snake (4/4) Lair:3        Slime (5/5) Lair:5
    Orc (2/2) D:11            Elf (3/3) Orc:2        Vaults (4/5) D:13
  Crypt (3/3) Vaults:3       Tomb (0/3) Crypt:3      Depths (4/4) D:15
    Zot (5/5) Depths:4    Ossuary (visited)           IceCv (visited)
Gauntlet (visited)

Altars:
Ashenzari
Cheibriados
Dithmenos
Elyvilon
Fedhas
Gozag
Hepliaklqana
Kikubaaqudgha
Makhleb
Nemelex Xobeh
Okawaru
Qazlal
Ru
Sif Muna
Trog
Uskayaw
Vehumet
Wu Jian
Xom
Yredelemnul
Zin
The Shining One
Beogh
Jiyva

Shops:
D:11 :?   Orc:2 [[[:!   Elf:2 =   Shoals:3 (   Snake:2 [   Snake:3 ?
Snake:4 :***   Vaults:4 (

Portals:
Hell: Depths:1 Depths:2 Depths:3 Depths:4
Abyss: Vaults:1 Depths:3
Pandemonium: Depths:2
Ziggurat: Depths:1

Annotations:
D:5 1 runed translucent door, 2 transporters, exclusion: door
Lair:3 1 runed translucent door, exclusion: door, Sadonosm's ghost, journeyman DgSk
Shoals:1 2 transporters, Olesch's ghost, adept OpCA
Snake:2 1 runed translucent door, exclusion: door, kingofthe's ghost, journeyman SpEn
Snake:4 Roxanne
Vaults:1 2 transporters, abarbat's ghost, adept MiBe
Depths:3 1 runed translucent door, exclusion: door
Zot:2 4 transporters
Zot:5 1 exclusion


Innate Abilities, Weirdness & Mutations

Your spells are a little easier to cast, but a little less powerful.
Your movements are slightly less encumbered by armour. (ER -2)


Message History

The centaur shoots an arrow.
You reflect the arrow off an invisible shield around you!
The arrow closely misses the centaur.
There is a stone staircase leading up here.
The centaur shoots an arrow.
You reflect the arrow off an invisible shield around you!
The arrow hits the centaur!
You kill the centaur!
The centaur's corpse dissolves into shadows!
You fly upwards.
Level annotation: 1 runed translucent door, 2 transporters, exclusion: door
There is a stone staircase leading down here.
There is an open door here.
There is an open door here.
There is a stone staircase leading up here.
You fly upwards.
There is a stone staircase leading down here.
There is a stone staircase leading up here.
You fly upwards.
There is a stone staircase leading down here.
You see here a +0 club.
There is a stone staircase leading up here.
Unknown command.
A lorocyproca comes into view.
The lorocyproca gives a chilling moan.
The lorocyproca moves out of view.
There is a stone staircase leading up here.
You fly upwards.
There is a stone staircase leading down here.
There is a stone staircase leading up here.
You fly upwards.
There is a stone staircase leading down here.
There is a huge open gate here.
There is a huge open gate here.
There is a huge open gate here.
There is a huge open gate here.
There is a dry fountain here.
There is a dry fountain here.
There is a staircase leading out of the dungeon here.
You have escaped!

#..# ####.######..##.#....
##.###.......####....'....
#.......⌠........##.#....
####..⌠...⌠..###.##.#....
##.......## #...).....
##..⌠..## ##...[.### ##...##
###...# # ####...#### #...#
#
#######....@....#######..###
#.....................#....#
#..⌠....⌠.....⌠....⌠..##....
#.....⌠....#....⌠.....##....
##..⌠....#####....⌠..###.#..
##....### ###....##......
##>### ###>###.#.### ### ###
#.#.... #.#...#


There were no monsters in sight!

Vanquished Creatures
  the Royal Jelly (Slime:5)
  A dread lich (Zot:5)
  Mara (Depths:3)
  3 orbs of fire
  2 ancient liches
  Frederick (Vaults:3)
  6 Killer Klowns
  A caustic shrike (Zot:1)
  5 golden dragons
  Nikola (Depths:2)
  the Enchantress (Depths:4)
  A profane servitor (Crypt:3)
  3 bone dragons
  3 electric golems
  9 tentacled monstrosities
  Mlioglotl (Shoals:2)
  Rupert (Orc:1)
  Jorgrun (Elf:1)
  5 liches
  3 deep elf blademasters
  23 Orb Guardians
  4 titans
  A walking frostbound tome (Depths:4)
  2 deep elf master archers (Elf:3)
  4 quicksilver dragons
  4 ancient champions
  21 acid blobs
  A kraken (Shoals:1)
  2 sphinxes
  3 death cobs
  Gastronok (Lair:3)
  6 shadow dragons
  2 tengu reavers
  Agnes (Vaults:3)
  9 storm dragons
  5 draconian monks
  5 nagarajas (Snake:4)
  2 fire giants
  Donald (Elf:2)
  3 frost giants
  11 rockslimes
  19 azure jellies
  Ilsuiw (Shoals:2)
  3 draconian knights (Zot:1)
  2 revenants (Crypt:2)
  A balrug (Depths:4)
  9 draconian shifters
  A ghost moth (shapeshifter) (Vaults:4)
  5 orc warlords
  2 iron dragons
  3 spectral caustic shrikes (Depths:1)
  8 vault wardens
  11 draconian scorchers
  6 deep elf sorcerers
  15 ironbound preservers
  4 ghost moths
  15 quicksilver oozes
  A caustic shrike zombie (Crypt:3)
  2 juggernaut zombies (Crypt:3)
  3 curse skulls
  A deep elf elementalist (Elf:3)
  8 ghouls (Crypt:3)
  6 draconian annihilators
  A caustic shrike skeleton (Crypt:2)
  12 draconian stormcallers
  6 war gargoyles
  A reaper (Depths:2)
  4 spriggan defenders (Depths:4)
  23 very ugly things
  8 ironbound thunderhulks
  8 stone giants
  8 green draconians
  7 vampire knights
  An ophan (Depths:1)
  9 black draconians
  4 deep elf demonologists (Elf:3)
  A rockslime zombie (Crypt:2)
  Nessos (D:12)
  15 dire elephants
  8 deep elf annihilators
  10 red draconians
  10 white draconians
  An entropy weaver (Vaults:3)
  A spark wasp (shapeshifter) (Elf:1)
  11 yellow draconians
  Azrael (D:13)
  4 spark wasps (Depths:1)
  2 blizzard demons
  11 purple draconians
  9 eidola
  A mummy priest (Crypt:3)
  8 ettins
  8 deep elf death magi
  Snorg (Orc:2)
  5 merfolk javelineers
  A quicksilver dragon zombie (Crypt:2)
  3 crystal guardians
  6 yaktaur captains
  2 spectral spriggans (Crypt:2)
  3 fire dragons
  5 jiangshi (Crypt:2)
  A deep elf high priest (Elf:3)
  10 merfolk impalers
  6 ice dragons
  2 spriggan zombies
  9 great orbs of eyes
  5 vault guards
  Josephine (Orc:2)
  Erolcha (D:9)
  7 hell beasts
  A quicksilver dragon skeleton (Depths:1)
  A salamander tyrant (Snake:3)
  5 ironbound frosthearts
  3 peacekeepers
  A spriggan skeleton (Crypt:2)
  5 hydras
  3 two-headed ogres
  6 death knights
  3 merfolk avatars
  12 naga warriors
  2 rakshasas (Depths:1)
  3 spriggan air magi
  4 catoblepae
  7 anacondas
  5 boulder beetles
  18 centaur warriors
  A fenstrider witch skeleton (Crypt:1)
  An alligator snapping turtle (Shoals:4)
  5 satyrs
  31 dancing weapons
  5 hell hogs
  3 deep troll earth magi (Depths:2)
  4 merfolk aquamancers
  8 death yaks
  3 orc high priests
  A spectral storm dragon (Crypt:2)
  3 spriggan berserkers (Depths:2)
  6 tengu warriors
  7 vampire magi
  6 deep troll shamans
  10 shock serpents
  3 sun demons (Depths:4)
  Urug (Orc:2)
  8 hell knights
  A titan skeleton (Crypt:2)
  Sonja (D:11)
  7 naga sharpshooters
  14 deep elf knights
  A goliath frog (Zot:5)
  16 iron trolls
  2 sixfirhies
  5 soul eaters
  2 golden dragon zombies (Crypt:2)
  31 skeletal warriors
  52 deep trolls
  3 quicksilver dragon simulacra
  7 shadow wraiths
  A salamander mystic (Depths:3)
  2 spectral anacondas (Crypt:2)
  7 flayed ghosts
  3 bunyip zombies
  2 orange crystal statues
  14 sea snakes
  A golden dragon skeleton (Crypt:1)
  21 phantasmal warriors
  3 glowing orange brains
  A shadow demon (Zot:5)
  7 wizards
  A sphinx zombie (Depths:1)
  12 lindwurms
  A bunyip skeleton (Crypt:1)
  10 deep elf archers
  11 ironbound convokers
  4 naga ritualists
  14 harpies
  24 deep elf zephyrmancers
  39 ugly things
  12 mana vipers
  5 necromancers
  An oklob plant (Snake:1)
  8 manticores
  2 stone giant zombies
  3 wolf spiders (Crypt:3)
  21 fauns
  8 cyclopes
  4 shining eyes
  13 orc knights
  30 deep elf pyromancers
  7 orc sorcerers
  A fire giant zombie (Depths:1)
  18 moths of wrath
  11 salamanders
  30 black mambas
  6 merfolk sirens
  9 water nymphs
  A fire giant skeleton (Depths:1)
  20 naga magi
  A smoke demon (Depths:3)
  A guardian serpent (shapeshifter) (D:9)
  17 elephants
  A spectral centaur (Crypt:2)
  An ice statue (Depths:4)
  11 vault sentinels
  6 guardian serpents
  2 spectral iron trolls (Crypt:1)
  An elephant slug zombie (Crypt:1)
  2 centaur skeletons
  6 gargoyles
  6 cane toads
  4 eyes of devastation
  3 unseen horrors (D:12)
  2 rime drakes
  12 komodo dragons
  An efreet (D:14)
  An anaconda simulacrum (Crypt:2)
  10 yaktaurs
  2 ice devils (Depths:4)
  2 tengu conjurers
  3 spectral deep trolls (Crypt:1)
  27 merfolk
  A spectral naga (Crypt:2)
  7 freezing wraiths
  18 trolls
  3 guardian mummies (Crypt:3)
  A red devil (Zot:5)
  A catoblepas skeleton (Crypt:1)
  3 meliai (D:13)
  5 harpy zombies (Crypt:3)
  A polar bear (D:14)
  7 saltlings (Orc:2)
  11 wind drakes
  7 hornets
  A tyrant leech (Shoals:4)
  3 dream sheep (Shoals:3)
  12 blink frogs
  4 jumping spiders (Crypt:3)
  A meliai zombie (D:15)
  133 slime creatures
  14 snapping turtles
  3 centaur simulacra
  5 shadows
  A vampire (D:12)
  6 spriggans
  8 air elementals
  30 water elementals
  2 flying skulls (Crypt:2)
  18 wraiths
  2 basilisks
  11 wyverns
  A satyr skeleton (Crypt:2)
  49 yaks
  4 fire elementals
  9 humans (D:13)
  13 golden eyes
  A ynoxinul (D:10)
  A chaos spawn (D:13)
  3 redbacks
  13 vampire mosquitoes
  A naga zombie (Crypt:2)
  A glowing orange brain zombie (Crypt:1)
  A deep troll zombie (Crypt:2)
  13 wargs
  48 nagas
  A hydra simulacrum (Crypt:1)
  A harpy simulacrum (Crypt:2)
  An acid dragon (D:9)
  4 floating eyes
  7 water moccasins
  A tengu skeleton (Depths:1)
  A merfolk skeleton (Crypt:1)
  A hell hound (D:13)
  35 orc warriors
  A deep troll skeleton (Crypt:2)
  2 ice beasts
  2 sky beasts (D:7)
  A swamp dragon zombie (Crypt:3)
  5 black bears
  4 great orb of eyes simulacra (IceCv)
  11 ogres
  5 ettin simulacra (Depths:4)
  7 wolves
  8 centaurs
  2 phantoms (D:5)
  2 slime creature simulacra (IceCv)
  3 kobold brigands
  An elf zombie (Ossuary)
  5 earth elementals
  8 bullfrogs
  2 gnoll sergeants
  3 scorpions (D:6)
  A two-headed ogre simulacrum (Crypt:2)
  15 necrophages
  4 glowing shapeshifter simulacra (IceCv)
  8 wyvern skeletons (Crypt:3)
  6 wights
  Dowan (D:7)
  A polar bear zombie (Crypt:1)
  11 killer bees (D:9)
  A troll skeleton (Crypt:2)
  5 howler monkeys
  2 lava snakes (Snake:3)
  2 centaur zombies
  A basilisk zombie (Crypt:1)
  16 orc priests
  2 gnoll boudas
  4 hounds
  24 orc wizards
  Ijyb (D:3)
  2 iguanas
  Natasha (D:2)
  2 boggart simulacra (D:14)
  2 mummies (Ossuary)
  20 gnolls
  6 adders
  A steam dragon skeleton (Crypt:1)
  A swamp drake skeleton (Crypt:1)
  2 shadow imps
  4 white imps
  5 ufetubi
  An adder zombie (Ossuary)
  5 worms
  2 dart slugs
  91 orcs
  A bat skeleton (Crypt:2)
  9 endoplasms
  4 giant cockroaches
  4 goblins
  8 hobgoblins
  5 jackals
  4 quokkas
  5 ball pythons
  6 bats
  5 frilled lizards
  2 goblin zombies (Ossuary)
  8 hobgoblin zombies (Ossuary)
  3 jackal zombies
  15 kobolds
  4 kobold zombies
  11 orc zombies (Ossuary)
  3 rats
  2 rat zombies (Ossuary)
  A bush (Lair:4)
  A pillar of salt (Orc:2)
  3 tentacles (Shoals:1)
2341 creatures vanquished.

Vanquished Creatures (collateral kills)
  Mennas (Depths:3)
  A tentacled monstrosity (Zot:1)
  A shadow dragon (Depths:4)
  A fire giant (Depths:4)
  An orc warlord (Vaults:4)
  An iron dragon (Depths:4)
  A ghoul (Crypt:3)
  A deep elf elementalist (Elf:3)
  A war gargoyle (Vaults:1)
  2 stone giants
  A spriggan defender (Depths:4)
  2 very ugly things (Vaults:1)
  A deep elf demonologist (Elf:3)
  A vampire knight (Depths:2)
  2 green draconians (Zot:1)
  2 black draconians
  A deep elf annihilator (Elf:3)
  A dire elephant (Vaults:1)
  A yellow draconian (Depths:4)
  A minotaur (Gauntlet)
  A red draconian (Depths:4)
  A crystal guardian (Vaults:1)
  A merfolk impaler (Shoals:2)
  A fire dragon (Depths:3)
  A vault guard (D:10)
  A yaktaur captain (Vaults:1)
  A peacekeeper (Vaults:1)
  2 spriggan air magi (Depths:4)
  A hydra (Lair:3)
  A merfolk avatar (Shoals:4)
  A centaur warrior (D:9)
  2 two-headed ogres
  An anaconda (Snake:2)
  A naga warrior (Snake:4)
  A hell hog (Depths:4)
  A shadow wraith (Depths:4)
  A skeletal warrior (Crypt:3)
  2 sea snakes
  A naga ritualist (Snake:2)
  A phantasmal warrior (Crypt:3)
  A glowing orange brain (Depths:4)
  A wizard (Depths:1)
  An ironbound convoker (Vaults:4)
  3 lindwurms
  5 orc knights
  A manticore (Shoals:1)
  A deep elf pyromancer (D:9)
  A salamander (Snake:2)
  A faun (Shoals:4)
  2 guardian serpents
  A naga mage (Snake:2)
  A vault sentinel (Vaults:1)
  A komodo dragon (Lair:2)
  Maggie (D:7)
  An efreet (D:12)
  A hornet (Depths:4)
  3 merfolk (Shoals:2)
  A polar bear (Lair:3)
  A water elemental (Shoals:4)
  2 spriggans (Depths:4)
  A vampire (D:9)
  A wyvern (D:11)
  4 yaks
  2 wargs (Orc:1)
  4 nagas
  A naga zombie (Crypt:3)
  2 water moccasins
  Duvessa (D:7)
  An orc warrior (D:9)
  An ogre (Orc:1)
  2 centaurs
  An elf zombie (Ossuary)
  A gnoll sergeant (D:9)
  2 wights (D:8)
  2 orc priests (D:11)
  A gnoll bouda (D:7)
  An orc wizard (D:11)
  A gnoll (D:9)
  An adder zombie (Ossuary)
  16 orcs
  A hobgoblin zombie (Ossuary)
  A kobold zombie (Ossuary)
  2 orc zombies (Ossuary)
127 creatures vanquished.

Vanquished Creatures (others)
  A curse toe (Zot:3)
  Asterion (Vaults:2)
  A draconian monk (Zot:1)
  2 draconian knights (Zot:2)
  A wizard (D:13)
  2 deep elf pyromancers
  2 deep elf zephyrmancers (Elf:3)
  2 cyclopes
  A manticore (Shoals:4)
  A centaur simulacrum (D:12)
  A water elemental (Elf:1)
  A human (D:13)
  A floating eye (Depths:4)
  An ettin simulacrum (Depths:4)
  20 fungi
  5 pillars of salt (Orc:2)
  174 plants
  5 tentacles (Shoals:1)
  39 withered plants (Crypt:3)
261 creatures vanquished.

Grand Total: 2729 creatures vanquished

Notes
Turn   | Place    | Note
-------+----------+-------------------------------------------
     0 | D:1      | SuperSeabass the Hill Orc Fighter began the quest for the
                  | Orb.
     0 | D:1      | Reached XP level 1. HP: 19/19 MP: 1/1
    85 | D:1      | Found a faded altar of an unknown god.
   272 | D:1      | Reached XP level 2. HP: 26/26 MP: 2/2
   925 | D:2      | Reached XP level 3. HP: 31/31 MP: 3/3
   943 | D:2      | Reached skill level 5 in Axes
  1104 | D:2      | You fall into a shaft and drop 2 floors!
  1275 | D:4      | Found a staircase to the Ecumenical Temple.
  1290 | Temple   | Entered the Ecumenical Temple
  1365 | Temple   | Became a worshipper of Makhleb the Destroyer
  1411 | D:4      | Reached XP level 4. HP: 34/39 MP: 4/4
  1680 | D:4      | Found an opulent altar of Gozag.
  1749 | D:3      | Noticed Ijyb
  1763 | D:3      | Killed Ijyb
  1764 | D:3      | Reached XP level 5. HP: 33/45 MP: 5/5
  2347 | D:2      | Noticed Natasha
  2359 | D:2      | Killed Natasha
  2478 | D:2      | Reached * piety under Makhleb
  2602 | D:3      | Reached XP level 6. HP: 45/51 MP: 6/6
  2893 | D:3      | Found a stormy altar of Qazlal.
  3498 | D:4      | Reached XP level 7. HP: 39/57 MP: 7/7
  3505 | D:4      | Reached skill level 10 in Axes
  3891 | D:5      | Entered Level 5 of the Dungeon
  3891 | D:5      | Found a shimmering blue altar of Sif Muna.
  3896 | D:5      | Reached skill level 1 in Invocations
  4067 | D:5      | Found a runed translucent door.
  4077 | D:5      | Reached ** piety under Makhleb
  4213 | D:5      | Identified the +7 short sword of Trog's Vengeance {flame,
                  | Stlth+}
  4239 | D:5      | Reached skill level 2 in Invocations
  4279 | D:5      | Found a transporter.
  4307 | D:5      | Found a basalt altar of Yredelemnul.
  4379 | D:5      | Reached XP level 8. HP: 67/67 MP: 9/9
  4393 | D:5      | Found a bloodstained altar of Trog.
  4582 | D:5      | Reached skill level 3 in Invocations
  4639 | D:5      | Found a transporter.
  4649 | D:5      | Found an ornate altar of the Wu Jian Council.
  4904 | D:6      | Reached skill level 5 in Fighting
  4969 | D:6      | Reached skill level 4 in Invocations
  5022 | D:6      | Reached skill level 5 in Armour
  5124 | D:6      | Reached XP level 9. HP: 75/75 MP: 12/12
  5756 | D:7      | Reached skill level 5 in Invocations
  5813 | D:7      | Noticed Dowan
  5908 | D:7      | Found a snail-covered altar of Cheibriados.
  5950 | D:7      | Found a sand-covered staircase.
  6017 | Ossuary  | Entered an ossuary
  6052 | Ossuary  | Reached *** piety under Makhleb
  6616 | D:7      | Noticed Duvessa
  6629 | D:7      | Killed Duvessa
  6634 | D:7      | Killed Dowan
  6635 | D:7      | Reached skill level 6 in Invocations
  6840 | D:7      | Noticed Maggie
  6851 | D:7      | Killed Maggie
  6956 | D:7      | Reached XP level 10. HP: 77/86 MP: 14/14
  6964 | D:7      | Reached **** piety under Makhleb
  7017 | D:7      | Found an ancient bone altar of Kikubaaqudgha.
  7362 | D:8      | Found a hazy altar of Hepliaklqana.
  7407 | D:8      | Reached skill level 7 in Invocations
  8088 | D:9      | Noticed a two-headed ogre
  8097 | D:9      | Killed a two-headed ogre
  8098 | D:9      | Reached skill level 8 in Invocations
  8229 | D:9      | Reached skill level 15 in Axes
  8310 | D:9      | Reached XP level 11. HP: 74/95 MP: 17/17
  8649 | D:9      | Noticed a catoblepas
  8678 | D:9      | Killed a catoblepas
  8857 | D:9      | Noticed a centaur warrior
  8857 | D:9      | Noticed a skeletal warrior
  8857 | D:9      | Noticed a fire crab
  8862 | D:9      | Noticed a white ugly thing
  8864 | D:9      | Noticed a six-headed hydra
  8865 | D:9      | Noticed a tengu warrior
  8868 | D:9      | Killed a centaur warrior
  8869 | D:9      | Reached skill level 9 in Invocations
  8875 | D:9      | Noticed a swamp dragon
  8875 | D:9      | a fire crab changed into a swamp dragon
  8876 | D:9      | a swamp dragon changed into a guardian serpent
  8881 | D:9      | Killed a skeletal warrior
  8882 | D:9      | Reached skill level 1 in Evocations
  8886 | D:9      | Noticed a centaur warrior
  8900 | D:9      | Killed a cyan ugly thing
  8901 | D:9      | Reached skill level 5 in Shields
  8904 | D:9      | Killed a six-headed hydra
  9359 | D:9      | Killed a tengu warrior
  9360 | D:9      | Reached skill level 10 in Fighting
  9360 | D:9      | Reached skill level 10 in Invocations
  9405 | D:9      | Noticed a catoblepas
  9481 | D:9      | Noticed Erolcha
  9516 | D:10     | Entered Level 10 of the Dungeon
  9695 | D:9      | Reached XP level 12. HP: 95/107 MP: 19/19
 10127 | D:10     | Found a staircase to the Lair.
 10233 | D:10     | Noticed a vault guard
 10246 | D:10     | Killed a vault guard
 10612 | D:10     | Found a portal to a secret trove of treasure.
 10983 | D:11     | Noticed a two-headed ogre
 10988 | D:11     | Reached skill level 11 in Invocations
 10998 | D:11     | Killed a two-headed ogre
 11021 | D:11     | Found a staircase to the Orcish Mines.
 11080 | D:11     | Found a gate leading to a gauntlet.
 11098 | Gauntlet | Entered a Gauntlet
 11098 | Gauntlet | Found a transporter.
 11104 | Gauntlet | Noticed a catoblepas
 11106 | Gauntlet | Found a transporter.
 11107 | Gauntlet | Found a transporter.
 11116 | Gauntlet | Found a transporter.
 11119 | Gauntlet | Found a transporter.
 11127 | Gauntlet | Found a transporter.
 11131 | Gauntlet | Found a transporter.
 11136 | Gauntlet | Noticed a wretched star
 11138 | Gauntlet | Found the +7 Spriggan's Knife {stab, EV+4 Stlth+}
 11139 | Gauntlet | Found a transporter.
 11143 | Gauntlet | Found a transporter.
 11151 | Gauntlet | Found a transporter.
 11173 | Gauntlet | Found a transporter.
 11185 | Gauntlet | Found a transporter.
 11197 | Gauntlet | Found a transporter.
 11209 | Gauntlet | Found a transporter.
 11264 | Gauntlet | Identified the +11 dagger "Enea" {pain, rC+}
 11274 | Gauntlet | Killed a catoblepas
 11275 | Gauntlet | Reached skill level 5 in Evocations
 11432 | Gauntlet | Identified the +12 battleaxe "Qaisis" {vorpal, rC+ rN+
                  | Str+7 Dex-3}
 11554 | Gauntlet | Noticed a minotaur
 11556 | Gauntlet | Found the +10 zealot's sword {holy, *Rage rN+ EV+3}
 11570 | Gauntlet | Killed a minotaur
 11782 | Gauntlet | Identified the +10 hand axe "Veopov" {elec, Drain rC++
                  | rCorr Dex+2}
 12203 | D:11     | Found Yliowie's Book Emporium.
 12204 | D:11     | Noticed a boulder beetle
 12218 | D:11     | Killed a boulder beetle
 12434 | D:11     | Found a stormy altar of Qazlal.
 12485 | D:11     | Noticed Sonja
 12494 | D:11     | Killed Sonja
 12608 | D:11     | Found Nyumeapn's Magic Scroll Shoppe.
 12624 | D:11     | Bought a scroll of magic mapping for 90 gold pieces
 12624 | D:11     | Bought a scroll of summoning for 114 gold pieces
 12624 | D:11     | Bought a scroll of identify for 24 gold pieces
 12624 | D:11     | Bought a scroll of identify for 24 gold pieces
 12624 | D:11     | Bought a scroll of fear for 48 gold pieces
 12883 | D:9      | Got the Compilation of Unholy Intoxication
 13034 | D:9      | Found a blossoming altar of Fedhas.
 13039 | D:9      | Noticed a death knight
 13066 | D:9      | Killed a death knight
 13067 | D:9      | Reached XP level 13. HP: 113/117 MP: 21/21
 13313 | D:9      | Reached skill level 12 in Invocations
 13340 | Lair:1   | Entered Level 1 of the Lair of Beasts
 14845 | Lair:1   | Identified the +1 robe of the Lost Thickets {Fly}
 16739 | Lair:2   | Reached skill level 13 in Invocations
 16979 | Lair:3   | Found a runed translucent door.
 16980 | Lair:3   | Found a shimmering altar of Xom.
 16980 | Lair:3   | Noticed Sadonosm's ghost (journeyman DgSk)
 17024 | Lair:3   | Found a staircase to the Shoals.
 17181 | Lair:3   | Found an opulent altar of Gozag.
 17181 | Lair:3   | Noticed Gastronok
 17193 | Lair:3   | Killed Gastronok
 17222 | Lair:3   | Found a staircase to the Snake Pit.
 17696 | Lair:3   | You fall into a shaft and drop 2 floors!
 17696 | Lair:5   | Entered Level 5 of the Lair of Beasts
 17696 | Lair:5   | Found a viscous altar of Jiyva.
 17812 | Lair:3   | Reached XP level 14. HP: 129/129 MP: 24/24
 18447 | Lair:4   | Reached skill level 10 in Armour
 19030 | Lair:4   | Reached ***** piety under Makhleb
 19226 | Lair:4   | Reached skill level 14 in Invocations
 19806 | D:10     | You paid a toll of 5 potions of resistance to enter a
                  | treasure trove
 19807 | Trove    | Entered a treasure trove
 19812 | Trove    | Found the amulet of Vitality {RegenMP++ Regen++}
 19814 | Trove    | Identified the +5 crystal plate armour of Ligo {rF- rC+++
                  | Int+3 Slay+2}
 19827 | Trove    | Identified the +9 morningstar "Waexov" {drain, Int+2}
 19833 | Trove    | Identified the amulet of the Death Scarab {Reflect +Inv
                  | rElec Int-3 Dex+8 SH+5}
 19841 | Trove    | Identified the amulet "Hyvaolle" {rN+ Regen+ Str+3}
 20170 | Lair:5   | Paralysed by a hornet for 3 turns
 20310 | Lair:5   | Found a staircase to the Slime Pits.
 20447 | Lair:5   | Noticed a dire elephant
 20468 | Lair:5   | Killed a dire elephant
 21214 | D:9      | Killed Erolcha
 21364 | Orc:1    | Entered Level 1 of the Orcish Mines
 21401 | Orc:1    | Reached XP level 15. HP: 114/138 MP: 26/26
 21516 | Orc:1    | Noticed an orc warlord
 21531 | Orc:1    | Killed an orc warlord
 21548 | Orc:1    | Reached skill level 15 in Invocations
 21555 | Orc:1    | Noticed an orc warlord
 21570 | Orc:1    | Killed an orc warlord
 21997 | Orc:2    | Entered Level 2 of the Orcish Mines
 21997 | Orc:2    | Found Ciles's Antique Armour Shoppe.
 22001 | Orc:2    | Noticed Rupert
 22015 | Orc:1    | Killed Rupert
 22099 | Orc:2    | Found a staircase to the Elven Halls.
 22106 | Orc:1    | Found a roughly hewn altar of Beogh.
 22186 | Orc:2    | Noticed Snorg
 22200 | Orc:2    | Killed Snorg
 22378 | Orc:2    | Noticed Urug
 22394 | Orc:2    | Killed Urug
 22438 | Orc:2    | Reached skill level 10 in Shields
 22467 | Orc:2    | HP: 5/139 [orc knight/+0 war axe (20)]
 22543 | Orc:2    | Reached skill level 10 in Evocations
 22820 | Orc:2    | Noticed an orc warlord
 22829 | Orc:2    | Killed an orc warlord
 22834 | Orc:2    | Reached skill level 15 in Fighting
 22952 | Orc:2    | Found Azimn's Distillery.
 22961 | Orc:2    | Found Huseich's Book Shop.
 22963 | Orc:2    | Found a roughly hewn altar of Beogh.
 22990 | Orc:2    | Found Veroffok's Antique Armour Shoppe.
 23036 | Orc:2    | Found Gutzyph's Armour Boutique.
 23111 | Orc:2    | Noticed Josephine
 23122 | Orc:2    | Killed Josephine
 23526 | Orc:2    | Bought a pair of glowing boots for 187 gold pieces
 23568 | Orc:2    | Bought a +2 hat of willpower for 273 gold pieces
 23638 | Orc:2    | Bought an embroidered scarf for 192 gold pieces
 23639 | Orc:2    | Bought a glowing scarf for 192 gold pieces
 23691 | Orc:2    | Bought a potion of attraction for 42 gold pieces
 23691 | Orc:2    | Bought a potion of invisibility for 112 gold pieces
 23691 | Orc:2    | Bought a potion of curing for 42 gold pieces
 23691 | Orc:2    | Bought a potion of curing for 42 gold pieces
 23691 | Orc:2    | Bought a potion of heal wounds for 70 gold pieces
 23691 | Orc:2    | Bought a potion of haste for 140 gold pieces
 23691 | Orc:2    | Bought a potion of heal wounds for 70 gold pieces
 23780 | D:11     | Bought a scroll of fear for 48 gold pieces
 23780 | D:11     | Bought a scroll of fear for 48 gold pieces
 23891 | D:12     | Reached ****** piety under Makhleb
 23947 | D:12     | Identified the +0 pair of gloves of Susaeb {-Cast rPois rF+
                  | Regen+}
 24005 | D:12     | Noticed Nessos
 24021 | D:12     | Killed Nessos
 24094 | D:12     | Reached skill level 16 in Invocations
 24119 | D:12     | Reached XP level 16. HP: 144/149 MP: 28/28
 24907 | D:13     | Found a gate to the Vaults.
 25113 | D:13     | Noticed Azrael
 25144 | D:13     | Killed Azrael
 25426 | D:14     | Found a frozen archway.
 25439 | IceCv    | Entered an ice cave
 25603 | IceCv    | Noticed an azure jelly
 25614 | IceCv    | Killed an azure jelly
 25615 | IceCv    | Found a viscous altar of Jiyva.
 25630 | IceCv    | Noticed a rockslime
 25630 | IceCv    | Noticed an azure jelly
 25640 | IceCv    | Killed an azure jelly
 25663 | IceCv    | Killed a rockslime
 25671 | IceCv    | Got the Compendium of Firn
 25830 | IceCv    | Noticed an azure jelly
 26331 | D:14     | Identified a scroll of acquirement
 26351 | D:14     | Acquired 873 gold pieces
 26640 | D:15     | Entered Level 15 of the Dungeon
 26908 | D:15     | Reached skill level 17 in Invocations
 26925 | D:15     | Found a staircase to the Depths.
 27020 | D:15     | Found a faded altar of an unknown god.
 27020 | D:15     | Found a faded altar of an unknown god.
 27022 | D:15     | Found a hazy altar of Hepliaklqana.
 27319 | Snake:1  | Entered Level 1 of the Snake Pit
 27475 | Snake:1  | Found a white marble altar of Elyvilon.
 27773 | Snake:1  | Reached XP level 17. HP: 158/158 MP: 29/29
 28224 | Snake:2  | Found Jaixkola's Armour Shop.
 28298 | Snake:2  | Identified the +9 rapier of Darkness {spect, rElec rC+++
                  | Str-5 Int-2}
 28783 | Snake:2  | Reached skill level 1 in Throwing
 29321 | Snake:2  | Found a runed translucent door.
 29321 | Snake:2  | Noticed kingofthe's ghost (journeyman SpEn)
 29486 | Snake:3  | Found Tomamm's Magic Scroll Shoppe.
 29504 | Snake:3  | Bought a scroll of blinking for 142 gold pieces
 29504 | Snake:3  | Bought a scroll of summoning for 180 gold pieces
 29504 | Snake:3  | Bought a scroll of enchant armour for 142 gold pieces
 29504 | Snake:3  | Bought a scroll of enchant weapon for 142 gold pieces
 29998 | Snake:3  | Reached skill level 18 in Invocations
 30236 | Snake:4  | Entered Level 4 of the Snake Pit
 30329 | Snake:4  | Acquired 841 gold pieces
 31372 | Snake:4  | Reached XP level 18. HP: 170/170 MP: 31/31
 31595 | Snake:4  | Found Uchypt's General Store.
 31598 | Snake:4  | Found Jiqear's Assorted Antiques.
 31598 | Snake:4  | Found Julia's Assorted Antiques.
 31612 | Snake:4  | Found Lializxo's Book Shoppe.
 31615 | Snake:4  | Bought a scroll of enchant armour for 292 gold pieces
 31626 | Snake:4  | Bought a scroll of enchant weapon for 225 gold pieces
 31912 | Snake:4  | Noticed Roxanne
 32140 | Snake:4  | Got a serpentine rune of Zot
 32444 | Shoals:1 | Entered Level 1 of the Shoals
 32571 | Shoals:1 | Identified the +4 plate armour "Zuplonics" {rPois Int+3}
 32607 | Shoals:1 | Reached skill level 5 in Throwing
 32749 | Shoals:1 | Reached skill level 15 in Armour
 32870 | Shoals:1 | Found a transporter.
 33096 | Shoals:1 | Found a transporter.
 33100 | Shoals:1 | Noticed Olesch's ghost (adept OpCA)
 33115 | Shoals:1 | Found a bloodstained altar of Trog.
 33615 | Shoals:2 | Reached skill level 19 in Invocations
 33646 | Shoals:2 | Noticed Ilsuiw
 33655 | Shoals:2 | Noticed Mlioglotl
 33667 | Shoals:2 | Killed Ilsuiw
 33672 | Shoals:2 | Killed Mlioglotl
 34236 | Shoals:3 | Found Serecre's Weapon Boutique.
 35037 | Shoals:4 | Entered Level 4 of the Shoals
 35088 | Shoals:4 | Paralysed by an air elemental for 1 turns
 35319 | Shoals:4 | Reached XP level 19. HP: 147/179 MP: 32/32
 35548 | Shoals:4 | Paralysed by an air elemental for 1 turns
 35599 | Shoals:4 | Found a burning altar of Makhleb.
 35771 | Shoals:4 | Paralysed by an air elemental for 1 turns
 35778 | Shoals:4 | Paralysed by an air elemental for 1 turns
 35997 | Shoals:4 | Got a barnacled rune of Zot
 36000 | Shoals:4 | Got Yczogaac's Lectures on Dimensional Evil
 36006 | Shoals:4 | Got Sif Muna's Codex of Chthonic Kindling
 36400 | Elf:1    | Entered Level 1 of the Elven Halls
 36543 | Elf:1    | Identified the ring "Sojidet" {rPois rN+ Will- Str+6 Dex-2}
 36604 | Elf:1    | Reached skill level 20 in Invocations
 36668 | Elf:1    | Reached skill level 15 in Shields
 36703 | Elf:1    | Got the Quarto of Levity
 37022 | Elf:1    | Noticed Jorgrun
 37050 | Elf:1    | Killed Jorgrun
 37753 | Elf:2    | Found Loup's Jewellery Emporium.
 37758 | Elf:2    | Bought a ring of protection from cold for 425 gold pieces
 37942 | Elf:2    | Noticed Donald
 37952 | Elf:2    | Killed Donald
 37953 | Elf:2    | Reached XP level 20. HP: 187/191 MP: 34/34
 38178 | Elf:2    | Found a runed translucent gate.
 38179 | Elf:2    | Found a runed translucent gate.
 38179 | Elf:2    | Found a runed translucent gate.
 38714 | Elf:3    | Entered Level 3 of the Elven Halls
 39581 | Elf:3    | Identified the ring of the Invisible Queens {rPois Dex+2}
 39600 | Elf:3    | Identified the +8 war axe "Impbane" {vorpal, rC- rCorr
                  | Int+4}
 39600 | Elf:3    | Identified the +10 scimitar of Exquisite Death {vamp,
                  | Stlth+}
 39600 | Elf:3    | Identified the ring "Ireadieg" {rC+ rN+ SInv}
 39664 | Elf:3    | Identified the +2 short sword of the Lettuce {elec, rN+
                  | Will- Int+6 SInv}
 39676 | Elf:3    | Identified the +6 scale mail "Pimma" {rElec Will+ Str+3}
 39690 | Elf:3    | Got the Secrets of Kinetic Malediction
 39693 | Elf:3    | Identified the +3 trident of Drought {holy, Will- Int+4}
 39985 | Vaults:1 | Entered Level 1 of the Vaults
 40104 | Vaults:1 | Found a transporter.
 40105 | Vaults:1 | Found a one-way gate to the infinite horrors of the Abyss.
 40105 | Vaults:1 | Noticed abarbat's ghost (adept MiBe)
 40123 | Vaults:1 | Noticed a hellephant
 40139 | Vaults:1 | Found a transporter.
 40460 | Vaults:1 | Reached XP level 21. HP: 170/201 MP: 35/35
 40978 | Vaults:1 | Reached skill level 21 in Invocations
 41384 | Vaults:2 | Noticed Asterion
 41400 | Vaults:2 | Killed Asterion
 41724 | Vaults:2 | Reached skill level 10 in Throwing
 42434 | Vaults:3 | Noticed Frederick
 42438 | Vaults:3 | Noticed Agnes
 42442 | Vaults:3 | Killed Agnes
 42459 | Vaults:3 | Killed Frederick
 42887 | Vaults:3 | Found a staircase to the Crypt.
 43017 | Vaults:3 | Reached XP level 22. HP: 211/211 MP: 36/36
 44417 | Vaults:4 | Reached skill level 22 in Invocations
 44464 | Vaults:4 | Found Elatet's Weapon Boutique.
 45160 | Depths:1 | Entered Level 1 of the Depths
 45193 | Depths:1 | Found a one-way gateway to a ziggurat.
 45348 | Depths:1 | Reached skill level 15 in Evocations
 45649 | Depths:1 | Found a gateway to Hell.
 45831 | Depths:1 | Reached XP level 23. HP: 221/221 MP: 38/38
 47117 | Depths:2 | Found a one-way gate leading to the halls of Pandemonium.
 47621 | Depths:2 | Noticed Nikola
 47635 | Depths:2 | Killed Nikola
 47753 | Depths:2 | Paralysed by an air elemental for 1 turns
 47933 | Depths:2 | Noticed an ancient lich
 47949 | Depths:2 | Killed an ancient lich
 48072 | Depths:3 | Noticed Mara
 48087 | Depths:3 | Noticed SuperSeabass's illusion
 48096 | Depths:3 | Killed Mara
 48147 | Depths:3 | Noticed a golden dragon
 48148 | Depths:3 | Found a runed translucent door.
 48237 | Depths:3 | Noticed a golden dragon
 48238 | Depths:3 | Reached skill level 23 in Invocations
 48249 | Depths:3 | Killed a golden dragon
 48354 | Depths:3 | Noticed Mennas
 48379 | Depths:3 | Killed Mennas
 48470 | Depths:3 | Paralysed by a floating eye for 3 turns
 48657 | Depths:4 | Entered Level 4 of the Depths
 48678 | Depths:4 | Paralysed by a floating eye for 2 turns
 48908 | Depths:4 | Reached XP level 24. HP: 176/231 MP: 12/38
 49814 | Depths:4 | Found a snail-covered altar of Cheibriados.
 49832 | Depths:4 | Noticed the Enchantress
 49873 | Depths:4 | Killed the Enchantress
 50125 | Depths:4 | Found an ornate altar of the Wu Jian Council.
 50459 | Depths:4 | Found a gate to the Realm of Zot.
 50607 | Depths:4 | Found a shimmering blue altar of Sif Muna.
 50711 | Depths:4 | Found a shimmering altar of Xom.
 51920 | Slime:1  | Entered Level 1 of the Pits of Slime
 51932 | Slime:1  | Reached skill level 1 in Dodging
 52477 | Slime:3  | Gained mutation: You occasionally lose the ability to drink
                  | potions when taking damage. [a shining eye]
 52522 | Slime:3  | Lost mutation: You occasionally lose the ability to drink
                  | potions when taking damage. [potion of mutation]
 52522 | Slime:3  | Gained mutation: Your magical capacity is low. (-10% MP)
                  | [potion of mutation]
 52522 | Slime:3  | Gained mutation: You are agile. (Dex +4, Str/Int -1)
                  | [potion of mutation]
 52522 | Slime:3  | Gained mutation: You have a somewhat thin skeletal
                  | structure. (Dex +2, Stealth+) [potion of mutation]
 53120 | Slime:5  | Entered Level 5 of the Pits of Slime
 53289 | Slime:5  | Gained mutation: You occasionally lose the ability to drink
                  | potions when taking damage. [a shining eye]
 53291 | Slime:5  | Gained mutation: You are dopey. (Int -2) [a shining eye]
 53296 | Slime:4  | Lost mutation: You have a somewhat thin skeletal structure.
                  | (Dex +2, Stealth+) [potion of mutation]
 53296 | Slime:4  | Lost mutation: You occasionally lose the ability to drink
                  | potions when taking damage. [potion of mutation]
 53296 | Slime:4  | Lost mutation: Your magical capacity is low. (-10% MP)
                  | [potion of mutation]
 53296 | Slime:4  | Lost mutation: You are agile. (Dex +4, Str/Int -1) [potion
                  | of mutation]
 53297 | Slime:4  | Lost mutation: You are dopey. (Int -2) [potion of mutation]
 53297 | Slime:4  | Gained mutation: You possess an exceptional clarity of
                  | mind. [potion of mutation]
 53297 | Slime:4  | Gained mutation: You have hidden genetic potential. [potion
                  | of mutation]
 53297 | Slime:4  | Gained mutation: You have very sharp teeth. [potion of
                  | mutation]
 54508 | Slime:4  | Reached XP level 25. HP: 225/240 MP: 38/38
 55553 | Slime:5  | Reached skill level 15 in Throwing
 55615 | Slime:5  | Found a viscous altar of Jiyva.
 55649 | Slime:5  | Reached skill level 5 in Dodging
 55650 | Slime:5  | Noticed the Royal Jelly
 55893 | Slime:5  | Killed the Royal Jelly
 56066 | Slime:5  | Found the amulet of the Air {Inacc Air Fly rElec RMsl}
 56091 | Slime:5  | Got a slimy rune of Zot
 56135 | Slime:5  | Identified the +0 pair of gloves of Zocse {Int-5 Dex+8
                  | Slay+5}
 56154 | Slime:5  | Identified the +7 plate armour of the Meadowlark {-Tele
                  | Harm rF+ Dex+2}
 56173 | Slime:5  | Identified the +0 leather armour "Nadedymmin" {-Cast Str+3
                  | Dex+5}
 56651 | Crypt:1  | Entered Level 1 of the Crypt
 57114 | Crypt:1  | You are sucked into a shaft and drop 1 floor!
 57684 | Crypt:2  | Identified the +7 tower shield of the Green God {Int+4
                  | Dex+2 Stlth+}
 57805 | Crypt:2  | Found an ancient bone altar of Kikubaaqudgha.
 58540 | Crypt:3  | Entered Level 3 of the Crypt
 58900 | Crypt:3  | Reached XP level 26. HP: 156/248 MP: 12/38
 59113 | Crypt:3  | Reached skill level 10 in Dodging
 59388 | Crypt:3  | Found a staircase to the Tomb.
 59780 | Crypt:3  | Found a basalt altar of Yredelemnul.
 59976 | Crypt:3  | Identified the ring "Rufer" {+Blink rN+ Str-2 Dex+2}
 59993 | Crypt:3  | Identified the ring of Spite {rN+ Int+3}
 60820 | Zot:1    | Entered Level 1 of the Realm of Zot
 61415 | Zot:1    | Noticed an orb of fire
 61419 | Zot:1    | Lost mutation: You have hidden genetic potential. [an orb
                  | of fire]
 61432 | Zot:1    | Gained mutation: You occasionally lose the ability to read
                  | scrolls when taking damage. [an orb of fire]
 61441 | Zot:1    | Killed an orb of fire
 61443 | Zot:1    | Lost mutation: You occasionally lose the ability to read
                  | scrolls when taking damage. [potion of mutation]
 61443 | Zot:1    | Lost mutation: You possess an exceptional clarity of mind.
                  | [potion of mutation]
 61443 | Zot:1    | Lost mutation: You have very sharp teeth. [potion of
                  | mutation]
 61443 | Zot:1    | Gained mutation: You do not regenerate when monsters are
                  | visible. [potion of mutation]
 61443 | Zot:1    | Gained mutation: You are frail. (-10% HP) [potion of
                  | mutation]
 61443 | Zot:1    | Gained mutation: You have sharp toenails. [potion of
                  | mutation]
 61444 | Zot:1    | Lost mutation: You have sharp toenails. [potion of
                  | mutation]
 61444 | Zot:1    | Lost mutation: You are frail. (-10% HP) [potion of
                  | mutation]
 61444 | Zot:1    | Lost mutation: You do not regenerate when monsters are
                  | visible. [potion of mutation]
 61444 | Zot:1    | Gained mutation: Your spells are a little easier to cast,
                  | but a little less powerful. [potion of mutation]
 61444 | Zot:1    | Gained mutation: Your movements are slightly less
                  | encumbered by armour. (ER -2) [potion of mutation]
 61477 | Zot:1    | Identified the ring "Kihuosk" {rPois MP+9 Dex+3 Stlth+}
 61596 | Zot:2    | Noticed a Killer Klown
 62179 | Zot:2    | Identified the +6 morningstar "Gokk" {elec, *Rage *Noise
                  | rF+ Dex+5}
 62195 | Zot:2    | Killed a Killer Klown
 62258 | Zot:2    | Found a transporter.
 62260 | Zot:2    | Found a transporter.
 62262 | Zot:2    | Found a transporter.
 62297 | Zot:2    | Found a transporter.
 62592 | Zot:2    | Identified the +11 halberd of Chagrin {freeze, *Rage Fly
                  | rElec rPois}
 62692 | Zot:2    | Noticed a Killer Klown
 62692 | Zot:2    | Noticed a Killer Klown
 62705 | Zot:2    | a Killer Klown changed into a caustic shrike
 62721 | Zot:1    | Reached skill level 24 in Invocations
 62737 | Zot:2    | Killed a Killer Klown
 63224 | Zot:2    | Reached XP level 27. HP: 258/258 MP: 13/39
 64873 | Zot:5    | Entered Level 5 of the Realm of Zot
 65548 | Zot:5    | Noticed a dread lich
 65572 | Zot:5    | Killed a dread lich
 65585 | Zot:5    | Noticed an ancient lich
 65763 | Zot:5    | Killed an ancient lich
 65763 | Zot:5    | Noticed an orb of fire
 65798 | Zot:5    | Killed an orb of fire
 65814 | Zot:5    | Reached skill level 25 in Invocations
 66067 | Zot:5    | Noticed an orb of fire
 66084 | Zot:5    | Noticed an orb of fire
 66094 | Zot:5    | Killed an orb of fire
 66301 | Zot:5    | Got the Orb of Zot
 66955 | D:$      | Escaped with the Orb!

Illustrated notes

Levels and vault maps discovered:
D:1:      dpeg_arrival_leaves_temple_mockup, layout_basic,
          hellmonk_ecumenical_altar_heavens_door, minmay_pentomino_o4
D:2:      layout_basic, serial_glass, glass_columns_b, glass_columns_b,
          glass_columns_c, glass_columns_a, glass_columns_a, glass_columns_a,
          grunt_decor_junction, grunt_ministairs_13, uniq_natasha
D:3:      layout_loops_ring, mainiacjoe_overflow_24_doors, minivault_5,
          minmay_fractal_squares_gapless_5, uniq_ijyb
D:4:      layout_rooms, lemuel_crystal_altar, minmay_temple_entry_offerings,
          patterned_corridor
D:5:      gammafunk_steamed_eel, layout_gridville,
          mainiacjoe_overflow_six_doors_small, pdpol_wu_jian_five_deadly_venoms,
          grunt_temple_overflow_open, lightli_church_of_beogh
D:6:      layout_gridville
D:7:      nicolae_whirlpool, layout_loops_cross, lemuel_crystal_altar,
          old_standard_altar, nicolae_ossuary_entry_plus, uniq_maggie,
          uniq_duvessa
D:8:      layout_gridville, mainiacjoe_overflow_boulevard
D:9:      minmay_the_grid_3x2 [minmay_the_grid_diamond_grid,
          minmay_the_grid_slots, minmay_the_grid_eight,
          minmay_the_grid_small_cups, minmay_the_grid_outer_circle,
          minmay_the_grid_prize_four_corners], layout_irregular_city,
          fedhas_ov_isle_minmay, hex_large, minmay_misc_feat_chi, uniq_erolcha
D:10:     layout_cave_pools, lair_entry_dummy, enter_trove_5
D:11:     layout_cave_pools, hiddenorc2_lemuel, serial_shops, shop,
          nicolae_shop_hallway_plus, gauntlet_entry_generic,
          grunt_qazlal_sundering, uniq_sonja
D:12:     minmay_slanted_spiral_squares, layout_irregular_city, uniq_nessos
D:13:     layout_basic, ximxim_vaults_locker_room, uniq_azrael
D:14:     layout_loops_ring, serial_ice, serial_ice_n, serial_ice_m,
          serial_ice_f, serial_ice_j, portal_ice_cave_entry_dragon,
          minmay_misc_feat_square, hellmonk_bongcloud_opening
D:15:     grunt_enter_depths_magical_seal, layout_cave_pools,
          nicolae_hepliaklqana_ecumenical_no_more
Temple:   nicolae_temple_hex_pool
Lair:1:   wad_woods_structure_01, layout_chaotic_city, nicolae_lair_lindhole
Lair:2:   layout_hall_layers
Lair:3:   layout_cave_pods, minmay_shoals_entry_centaurs,
          guppyfry_snake_entry_island, basic_altar, ebering_ghost_xom,
          lemuel_fruit_tree, uniq_gastronok
Lair:4:   layout_loops_ring, lemuel_fruit_fields, lemuel_fruit_fields,
          infiniplex_staircase_pool, serial_bayou_shore_b
Lair:5:   gammafunk_lair_ancient_temple, layout_regular_city,
          minmay_slime_entry_eyes
Shoals:1: layout_shoals, gammafunk_ghost_wrathful_warriors,
          nicolae_shoals_nymph_descending_staircase
Shoals:2: layout_shoals, uniq_mlioglotl, uniq_ilsuiw
Shoals:3: layout_shoals, serial_shops, shop
Shoals:4: shoals_end_hellmonk_storm_palace [storm_palace_center_circular,
          storm_palace_corner_reverse_hut, storm_palace_corner_reverse_hut,
          storm_palace_corner_altar, storm_palace_corner_blocked]
Snake:1:  layout_concentric_octagons, serial_bayou_pond_a, lemuel_oklob_altar
Snake:2:  layout_chambers, serial_shops, shop, ebering_ghost_inner_flame,
          nicolae_triple_integral
Snake:3:  layout_basic, serial_shops, shop_scrolls
Snake:4:  grunt_snake_rune_pools, layout_cave_town, grunt_megastairs_1,
          minmay_shoptagon, uniq_roxanne
Slime:1:  layout_caves
Slime:2:  layout_caves
Slime:3:  layout_caves, nicolae_slime_phagocytosis
Slime:4:  layout_caves
Slime:5
Orc:1:    layout_diamond_mine, basic_altar, minmay_orc_treasury
Orc:2:    hellmonk_orc_salted, layout_caves, serial_shops, shop, uniq_urug,
          uniq_snorg, uniq_rupert, uniq_josephine
Elf:1:    elf_arrival_001, layout_geoelf_grid, minmay_elf_annihilation,
          minivault_15, nicolae_concentric_dashed_squares_mild,
          grunt_megastairs_4, uniq_jorgrun, uniq_agnes
Elf:2:    nicolae_elf_blades_crystal_corner, layout_onion_city, serial_shops,
          nicolae_shop_hallway_plus, grunt_ministairs_2, uniq_donald
Elf:3:    grunt_elf_hall_asides, layout_geoelf_diagonals, lemuel_flamethrower_3
Vaults:1: gammafunk_ghost_abyssal_escape, v_misc_10, vaults_room_door_hall,
          nicolae_vaults_network_quincunx
          [nicolae_vaults_network_quincunx_subvault,
          nicolae_vaults_network_quincunx_subvault,
          nicolae_vaults_network_quincunx_subvault,
          nicolae_vaults_network_quincunx_subvault,
          nicolae_vaults_network_quincunx_subvault], v_misc_27,
          vaults_room_glass_cross, vaults_mumra_minichess, v_alt_pattern_2,
          nicolae_vaults_little_squares_5, nicolae_vaults_big_angled_halls,
          v_misc_17, v_alt_pattern_3, layout_vaults_omnibox
Vaults:2: nicolae_vaults_big_angled_halls, vaults_dpeg_encased_lava, st_lattice,
          vaults_dpeg_hooks, layout_vaults_omnigrid, uniq_asterion
Vaults:3: vaults_dpeg_diagonal, v_misc_2, ontoclasm_vaults_pinch,
          sword_in_stone, nicolae_vaults_big_ls,
          minmay_crypt_entry_simple_corners, nicolae_vaults_rhombus_5,
          nicolae_vaults_network_periphery, nicolae_vaults_network_quinsquares
          [nicolae_vaults_network_quincunx_subvault,
          nicolae_vaults_network_quincunx_subvault,
          nicolae_vaults_network_quincunx_subvault,
          nicolae_vaults_network_quincunx_subvault], vaults_standard_mumra_x,
          ontoclasm_vaults_eye, ontoclasm_vaults_loading_screen,
          layout_vaults_big_cross
Vaults:4: hangedman_vaults_hat, v_misc_28, hangedman_vaults_impose,
          ontoclasm_vaults_spin, v_misc_12, vaults_room_grid,
          ontoclasm_vaults_chip, nicolae_vaults_little_squares_1,
          ontoclasm_vaults_twist, vaults_mumra_chevron,
          nicolae_vaults_yaktaur_gun_rack, layout_vaults_big_room, serial_shops,
          nicolae_shop_bloodbath_and_beyond
Crypt:1:  layout_chaotic_city, nicolae_crypt_niches, skrybe_necro_troll_2,
          uniq_margery
Crypt:2:  lemuel_vampire_tower, layout_misc_corridors, small_statue_intersection
Crypt:3:  evilmike_haunted_forest, uniq_josephina
Depths:1: layout_basic, enter_ziggurat_f, hex_tiny, pf_hell_entry_tar_river,
          chequers_jeans, hangedman_eye_storm
Depths:2: constructs_gauntlet_mu_hangedman, layout_honeycomb,
          grunt_mini_vestibule, pan_entry, serial_bayou_lake_a, uniq_nikola
Depths:3: minmay_gate_of_8, layout_cave_pools, abyss_entry, hellmouth_1,
          uniq_mara, uniq_mennas
Depths:4: grunt_profane_halls [grunt_profane_temple_dis,
          grunt_profane_temple_tar, grunt_profane_temple_coc,
          grunt_profane_temple_geh, grunt_zot_portal], hell_entry,
          uniq_enchantress
Zot:1:    layout_gridville
Zot:2:    ebering_greatest_show_in_zot, layout_gridlike, st_stairs_10,
          nicolae_diode_quadrants
Zot:3:    layout_basic, grunt_megastairs_3
Zot:4:    layout_onion_interference, lemuel_elevator
Zot:5:    layout_gridlike

Skill      XL: |  1  2  3  4  5  6  7  8  9 10 11 12 13 14 15 16 17 18 19 20 21 22 23 24 25 26 27 |
---------------+----------------------------------------------------------------------------------+-----
Axes           | 3 4 6 8 9 10 12 13 15 16 17 18 | 18.0
Invocations    | 2 4 6 8 10 11 13 14 16 17 18 19 20 21 22 23 24 25 | 25.2
Fighting       | 4 5 7 8 10 11 13 14 15 16 17 18 19 20 21 22 23 24 | 24.0
Armour         | 4 5 6 8 9 11 12 13 14 15 16 17 18 19 20 21 | 21.3
Shields        | 6 8 9 10 12 13 14 15 16 17 18 19 21 22 | 22.5
Evocations     | 3 5 7 9 10 11 12 13 14 15 16 | 16.0
Throwing       | 3 6 7 9 10 11 12 14 16 | 16.0
Dodging        | 4 9 12 13 | 13.2

Action                   |  1- 3 |  4- 6 |  7- 9 | 10-12 | 13-15 | 16-18 | 19-21 | 22-24 | 25-27 || total
-------------------------+-------+-------+-------+-------+-------+-------+-------+-------+-------++-------
Melee: War axe           |   111 |   122 |   328 |   495 |  1059 |       |       |       |       ||  2115
       Flail             |       |       |     1 |    12 |    18 |       |       |       |       ||    31
       Morningstar       |       |       |       |       |     7 |       |       |       |       ||     7
       Broad axe         |       |       |       |       |   113 |  1366 |  1305 |  1940 |  2096 ||  6820
       Bite              |       |       |       |       |       |       |       |    10 |   226 ||   236
Throw: Stone             |     4 |       |    18 |       |       |       |       |       |       ||    22
       Dart              |       |       |     9 |       |       |     1 |     1 |       |     2 ||    13
       Boomerang         |       |       |     1 |       |       |       |       |    29 |   312 ||   342
       Throwing net      |       |       |       |     1 |       |       |     1 |       |       ||     2
       Javelin           |       |       |       |       |       |       |       |     2 |    37 ||    39
Invok: Lesser Servant of |       |       |     3 |    23 |    23 |     9 |     6 |     2 |     1 ||    67
       Minor Destruction |       |       |       |    60 |    60 |   176 |     1 |    13 |       ||   310
       Major Destruction |       |       |       |     1 |       |       |       |       |     1 ||     2
       Greater Servant o |       |       |       |       |       |     2 |     5 |     9 |     6 ||    22
Evoke: Wand              |       |     6 |    28 |    11 |     2 |       |     6 |     8 |    33 ||    94
       Lightning rod     |       |       |       |       |     4 |     4 |    13 |     7 |     4 ||    32
       Condenser vane    |       |       |       |       |     2 |     4 |     3 |     4 |     3 ||    16
       Tin of tremorston |       |       |       |       |       |     3 |     1 |     1 |       ||     5
       Phial of floods   |       |       |       |       |       |     1 |       |     1 |       ||     2
       Box of beasts     |       |       |       |       |       |     1 |     2 |       |       ||     3
       Phantom mirror    |       |       |       |       |       |       |       |     1 |       ||     1
  Use: Potion            |       |     2 |       |     8 |     5 |     4 |     3 |     9 |    18 ||    49
       Scroll            |       |     3 |    15 |    13 |     7 |    12 |     4 |     7 |    19 ||    80
 Stab: Distracted        |       |       |     2 |     6 |     6 |     5 |     4 |     9 |     4 ||    36
       Invisible         |       |       |       |       |     5 |       |       |       |     8 ||    13
       Petrified         |       |       |       |       |       |     2 |       |       |       ||     2
       Held in net/web   |       |       |       |       |       |       |     1 |       |       ||     1
       Paralysed         |       |       |       |       |       |       |       |       |     9 ||     9
Armor: Chain mail        |    49 |    48 |    79 |     1 |       |       |       |       |       ||   177
       Scale mail        |     2 |       |       |       |       |       |       |       |       ||     2
       Swamp dragon scal |       |       |       |   119 |   222 |       |       |       |       ||   341
       Skin              |       |       |       |    18 |       |       |       |       |     1 ||    19
       Plate armour      |       |       |       |       |   104 |   418 |   409 |   691 |   682 ||  2304
       Crystal plate arm |       |       |       |       |       |    55 |       |       |       ||    55
Dodge: Dodged            |    36 |    30 |   175 |   296 |   481 |   338 |   214 |   282 |   493 ||  2345
Block: Buckler           |    26 |    20 |    58 |   119 |   350 |   399 |       |       |       ||   972
       Reflection        |       |       |       |       |       |    93 |    83 |    30 |    39 ||   245
       Kite shield       |       |       |       |       |       |   464 |   970 |  1273 |       ||  2707
       Tower shield      |       |       |       |       |       |       |       |   209 |  2171 ||  2380
